[Event "*** MasterClass Titled Tuesday Blitz"]
[Site "Chess.com"]
[Date "2017.08.01"]
[Round "1"]
[White "jeaston1"]
[Black "dretch"]
[Result "0-1"]
[WhiteElo "2195"]
[BlackElo "2487"]
[TimeControl "180+2"]
[EndTime "13:06:46 PDT"]
[Termination "dretch won by resignation"]

1. d4 d5 2. c4 c6 3. Nc3 Nf6 4.
e3 g6 5. Nf3 Bg7 6. Be2 O-O 7.
O-O Be6 8. b3 h6 9. a4 Ne4 10.
Qc2 Nxc3 11. Qxc3 Nd7 12. Ba3 Re8 13. Rac1 dxc4 14. bxc4 Bg4 15. Qb3 e5 16. h3 Bxf3 17. Bxf3 exd4 18. exd4 Bxd4 19. Qxb7 Ne5 20. Qb3 Rb8 21.
Qd1 Qh4 22. Bd6 Rb2 23. Bxe5 Bxf2+ 24. Kh1 Rxe5 25. Rc2 Rxc2 26. Qxc2 Be3 27. Bxc6 Bf4 28. Qf2 Qxf2 0-1

[Event "*** MasterClass Titled Tuesday Blitz"]
[Site "Chess.com"]
[Date "2017.08.01"]
[Round "1"]
[White "IamSchrodingersCat"]
[Black "Alohamora11"]
[Result "1-0"]
[WhiteElo "2422"]
[BlackElo "2098"]
[TimeControl "180+2"]
[EndTime "13:06:46 PDT"]
[Termination "IamSchrodingersCat won by checkmate"]

1. e4 c5 2. Nf3 g6 3. d4 cxd4 4.
Nxd4 Bg7 5. Nc3 Nc6 6. Be3 Nf6 7. Nxc6 bxc6 8. e5 Ng8 9. Bd4 Nh6 10. e6 O-O 11. Bxg7 Kxg7 12. exd7 Bxd7 13. Qd4+ Kg8 14. O-O-O Bg4 15. Qxd8 Raxd8 16. f3 Be6 17. Bd3 Nf5 18.
Bxf5 Bxf5 19. Rhe1 Rxd1+ 20. Rxd1 Kg7 21. Ne2 c5 22. g4 Be6 23. Nf4 Bc8 24. Nd3 Bb7 25. Nxc5 Bxf3 26. Rd7 Bxg4 27. Rxe7 a5 28. c4 Kh6 29. a3 f5 30. h4 f4 31. Ne4 f3 32.
Ng5 Rh8 33. Nf7+ Kh5 34. Nxh8 f2 35. Rxh7# 1-0

[Event "*** MasterClass Titled Tuesday Blitz"]
[Site "Chess.com"]
[Date "2017.08.01"]
[Round "1"]
[White "Vect0rs"]
[Black "Rsnr"]
[Result "0-1"]
[WhiteElo "2254"]
[BlackElo "2517"]
[TimeControl "180+2"]
[EndTime "13:06:48 PDT"]
[Termination "Rsnr won by checkmate"]

1. d4 d5 2. c4 c6 3. Nf3 Nf6 4. e3 Bg4 5. h3 Bh5 6. g4 Bg6 7.
Ne5 Nbd7 8. Nxg6 hxg6 9. Nc3 e6 10. Bg2 Bb4 11. Bd2 Bxc3 12. Bxc3 Ne4 13. O-O Qc7 14. Rc1 Nxc3 15. Rxc3 Nf6 16. cxd5 exd5 17. Qf3 Ne4 18. Rc2 O-O-O 19. Qf4 Qxf4 20. exf4 f5 21. Bxe4 dxe4 22.
f3 Rxd4 23. fxe4 Rxe4 24. Rf3 Kc7 25. Kg2 Rhe8 26. Kg3 Re1 27. Kh4 R8e6 28. Kg5 Rg1 29. Rc5 Kd6 30. Rc2 c5 31. Rd2+ Kc6 32. b3 b6 33.
Rfd3 a6 34. Rd8 Rg3 35. Rc8+ Kb5 36. Kh4 Ree3 37. Kg5 Rxh3 38. gxf5 Reg3# 0-1

[Event "*** MasterClass Titled Tuesday Blitz"]
[Site "Chess.com"]
[Date "2017.08.01"]
[Round "1"]
[White "Journey_to_GrandMaster_YT"]
[Black "GMHess"]
[Result "0-1"]
[WhiteElo "2321"]
[BlackElo "2612"]
[TimeControl "180+2"]
[EndTime "13:06:53 PDT"]
[Termination "GMHess won by resignation"]

1. d4 g6 2. Nf3 Bg7 3. g3 d5 4. Bg2 c6 5. O-O Nf6 6. c4 dxc4 7. Ne5 Ng4 8. f4 O-O 9. e3 Nxe5 10. dxe5 Qxd1 11. Rxd1 f6 12. exf6 Bxf6 13. e4 Bg4 14. Rd2 e5 15. Rd6 exf4 16. gxf4 Be7 17. Rd2 Rxf4 18.
Rc2 Rf7 19. Rxc4 Nd7 20. Be3 Ne5 21. Rc2 Nf3+ 22. Kh1 Ne1 23. Rf2 Rxf2 24. Bxf2 Nc2 25. Bf1 Nxa1 26. Bc4+ Kf8 0-1

[Event "*** MasterClass Titled Tuesday Blitz"]
[Site "Chess.com"]
[Date "2017.08.01"]
[Round "1"]
[White "lucasmito"]
[Black "Sven_Tica"]
[Result "0-1"]
[WhiteElo "1985"]
[BlackElo "2406"]
[TimeControl "180+2"]
[EndTime "13:06:57 PDT"]
[Termination "Sven_Tica won on time"]

1. e4 c6 2. d4 d5 3. Nc3 dxe4 4.
Nxe4 Nd7 5. Nf3 Ngf6 6. Ng3 g6 7. Be3 Bg7 8. Qd2 Nb6 9. O-O-O Bg4 10. h3 Bxf3 11.
gxf3 Qd5 12. Kb1 Qxf3 13. Be2 Qd5 14. h4 h5 15. b3 Ne4 16. Qd3 Nxg3 17. fxg3 Rd8 18.
c4 Qf5 19. Qxf5 gxf5 20. Rhf1 e6 21. a4 Nc8 22. Rd3 Nd6 23. Rfd1 Ne4 24. Bf3 Bh6 25. Bf4 Bxf4 0-1

[Event "*** MasterClass Titled Tuesday Blitz"]
[Site "Chess.com"]
[Date "2017.08.01"]
[Round "1"]
[White "jcibarra"]
[Black "michaelk123"]
[Result "1-0"]
[WhiteElo "2664"]
[BlackElo "2346"]
[TimeControl "180+2"]
[EndTime "13:06:59 PDT"]
[Termination "jcibarra won by checkmate"]

1. e4 c5 2. Nf3 e6 3. d4 cxd4 4. Nxd4 Nc6 5. Nc3 Qc7 6. g3 a6 7. Bg2 Nf6 8. O-O Nxd4 9. Qxd4 Bc5 10. Bf4 d6 11. Qd2 h6 12. Rad1 e5 13. Be3 Bg4 14.
Bxc5 dxc5 15. f3 Be6 16. Nd5 Bxd5 17. exd5 Qd6 18. f4 O-O 19. fxe5 Qxe5 20. d6 Qxb2 21.
c4 Qxd2 22. Rxd2 Rab8 23. a4 Rfd8 24. Rb1 b6 25. Bc6 Kf8 26. Re1 Ne8 27. d7 Nf6 28.
Rd6 h5 29. h3 Kg8 30. Kg2 Kf8 31. Kf3 Kg8 32. Kf4 Kf8 33. Kf5 Kg8 34. Rxf6 gxf6 35. Kxf6 Kf8 36. Re5 b5 37. cxb5 axb5 38. axb5 c4 39.
Rxh5 Kg8 40. Rc5 Rb6 41. Ke7 Rbb8 42. Rxc4 Kg7 43. Rg4+ Kh6 44. Kf6 Kh5 45. Rh4# 1-0

[Event "*** MasterClass Titled Tuesday Blitz"]
[Site "Chess.com"]
[Date "2017.08.01"]
[Round "1"]
[White "Bad4life"]
[Black "biostatistician"]
[Result "0-1"]
[WhiteElo "2167"]
[BlackElo "2466"]
[TimeControl "180+2"]
[EndTime "13:07:00 PDT"]
[Termination "biostatistician won by checkmate"]

1. e4 e6 2. d4 d5 3. Nd2 Nc6 4. Ngf3 Nf6 5. e5 Ne4 6. c3 Nxd2 7. Bxd2 Be7 8. Bd3 b6 9. Qc2 h6 10. h4 Bb7 11. Rh3 Qd7 12. Rg3 g6 13. Bxg6 fxg6 14. Qxg6+ Kd8 15. Qg7 Re8 16. Bxh6 Kc8 17. h5 Ba6 18.
O-O-O Kb7 19. Be3 Na5 20. Rg6 Qa4 21. Rxe6 Bf8 22. Qg6 Qxa2 23. Rxe8 Rxe8 24. Qxe8 Nc4 25.
Rd2 Qa1+ 26. Kc2 Qxb2+ 27. Kd1 Qb1+ 28. Ke2 Nxe5+ 29. c4 Bxc4+ 30. Rd3 Qxd3+ 31. Ke1 Qe2# 0-1

[Event "*** MasterClass Titled Tuesday Blitz"]
[Site "Chess.com"]
[Date "2017.08.01"]
[Round "1"]
[White "DrVelja"]
[Black "Sharafiev_Azat"]
[Result "1-0"]
[WhiteElo "2528"]
[BlackElo "2262"]
[TimeControl "180+2"]
[EndTime "13:07:03 PDT"]
[Termination "DrVelja won on time"]

1. e4 d6 2. d4 Nf6 3. Nc3 e5 4. Nf3 Nbd7 5. g4 Nxg4 6. Rg1 Ngf6 7. Be3 c6 8. Qd2 Qc7 9. O-O-O b5 10. d5 b4 11. Ne2 Nxe4 12. Qxb4 cxd5 13. Rxd5 Ndf6 14. Rd1 d5 15. Qe1 d4 16. Nexd4 exd4 17. Bxd4 Qf4+ 18. Kb1 Qxf3 19. Bg2 Qf4 20. Bxf6 Bb7 21. Rd4 gxf6 22. Bxe4 Qe5 23. Bxb7 1-0

[Event "*** MasterClass Titled Tuesday Blitz"]
[Site "Chess.com"]
[Date "2017.08.01"]
[Round "1"]
[White "krzyzan94"]
[Black "HaryKane"]
[Result "1-0"]
[WhiteElo "2527"]
[BlackElo "2273"]
[TimeControl "180+2"]
[EndTime "13:07:04 PDT"]
[Termination "krzyzan94 won by resignation"]

1. e4 e5 2. Nf3 Nc6 3. Bb5 a5 4. O-O d6 5. d4 exd4 6. Nxd4 Bd7 7. Nc3 Nf6 8. f4 Be7 9. Nxc6 bxc6 10. Bd3 O-O 11. Qf3 Re8 12. e5 Nd5 13. Nxd5 cxd5 14. Qxd5 Be6 15. Qe4 g6 16. f5 d5 17. Qg4 Bc8 18.
e6 Bc5+ 19. Kh1 Bxe6 20. fxe6 Rxe6 21. Bg5 Qe8 22. Bf6 Be7 23. Bxe7 Qxe7 24. Qf3 c6 25.
Rf2 Re8 26. Raf1 f5 27. b3 Qg5 28. Qf4 Qf6 29. g4 Re1 30. gxf5 g5 31. Qg3 h6 32.
Rxe1 Rxe1+ 33. Kg2 c5 34. Qb8+ Kf7 35. Qc7+ Qe7 36.
Qxe7+ Rxe7 37. Re2 Rc7 38. Re5 c4 39. bxc4 dxc4 40.
Be4 a4 41. Ra5 g4 42. Kg3 Re7 43. Kf4 h5 44. Bd5+ Kg7 45. Kg5 Rd7 46. f6+ Kh7 47. Be4+ 1-0

[Event "*** MasterClass Titled Tuesday Blitz"]
[Site "Chess.com"]
[Date "2017.08.01"]
[Round "1"]
[White "H16"]
[Black "nekochabo"]
[Result "0-1"]
[WhiteElo "2270"]
[BlackElo "2539"]
[TimeControl "180+2"]
[EndTime "13:07:09 PDT"]
[Termination "nekochabo won on time"]

1. d4 d5 2. c4 e6 3. Nf3 c6 4.
Nbd2 Nd7 5. g3 f5 6. Bg2 Ngf6 7. O-O Bd6 8. Ne1 O-O 9. Nd3 Qe7 10. b3 b6 11. Nf3 Bb7 12. Bf4 Ne4 13. Bxd6 Qxd6 14. e3 Rac8 15. Rc1 c5 16. dxc5 bxc5 17. Qe2 d4 18.
Nf4 e5 19. Nd5 Bxd5 20. cxd5 Ndf6 21. Nd2 Nc3 22. Qc4 g6 23. a4 Kg7 24. Rfe1 Ncxd5 25.
exd4 cxd4 26. Qxc8 Rxc8 27. Rxc8 e4 28. Rec1 Nc3 29.
Bf1 Ng4 30. Nc4 Qe7 31. h3 Nf6 32. Na5 e3 33. Nc6 Qd7 34. Ba6 exf2+ 35. Kh2 Nfe4 36. Ne5 Qd6 37. Rc7+ Qxc7 0-1

[Event "*** MasterClass Titled Tuesday Blitz"]
[Site "Chess.com"]
[Date "2017.08.01"]
[Round "1"]
[White "Adham_Fawzy"]
[Black "Sebastian"]
[Result "0-1"]
[WhiteElo "2384"]
[BlackElo "2785"]
[TimeControl "180+2"]
[EndTime "13:07:11 PDT"]
[Termination "Sebastian won by resignation"]

1. e4 e5 2. Nf3 Nc6 3. Bb5 Nf6 4.
d3 d6 5. O-O Be7 6. Nc3 O-O 7.
h3 a6 8. Ba4 b5 9. Bb3 Na5 10.
Bg5 c6 11. Re1 h6 12. Bh4 Nxb3 13. axb3 Be6 14. d4 Qc7 15. Qd2 Rfe8 16. Rad1 Rad8 17. Re2 Nh5 18. Bxe7 Qxe7 19. d5 cxd5 20. exd5 Bc8 21. Nd4 Bd7 22. Nc6 Bxc6 23. dxc6 Qc7 24. Nd5 Qxc6 25.
Rde1 Re6 26. f4 Nxf4 27. Nxf4 exf4 28. Rxe6 fxe6 29. Rxe6 f3 30. Re7 Qc5+ 31. Qf2 Qg5 32. Re3 fxg2 33. Rg3 Qc1+ 34. Kxg2 Qxb2 35. Qd2 Qe5 36. Qd3 Rf8 37. Re3 Qf4 38. Qd5+ Kh8 39. Re2 Qf1+ 0-1

[Event "*** MasterClass Titled Tuesday Blitz"]
[Site "Chess.com"]
[Date "2017.08.01"]
[Round "1"]
[White "Vrolijk"]
[Black "Big_Fishy"]
[Result "1/2-1/2"]
[WhiteElo "2505"]
[BlackElo "2259"]
[TimeControl "180+2"]
[EndTime "13:07:13 PDT"]
[Termination "Game drawn by agreement"]

1. e4 c5 2. Nf3 Nc6 3. Bb5 g6 4.
Bxc6 dxc6 5. O-O Bg4 6. d3 e5 7. h3 Bxf3 8. Qxf3 f6 9. Nc3 Nh6 10. Qe2 g5 11. h4 Nf7 12. hxg5 fxg5 13. Nd1 Qd7 14. Ne3 O-O-O 15. Qh5 Qe6 16. Nf5 Be7 17. Be3 Rdg8 18. Nxe7+ Qxe7 19. Bxc5 Qxc5 20. Qxf7 h5 21. b4 Qd6 22. Rab1 Rf8 23. Qc4 g4 24. b5 c5 25. b6 axb6 26. Rb2 g3 27. f3 Qf6 28. Rfb1 Qh4 29. Qe6+ Kb8 30. Qh3 Qxh3 31. gxh3 Rxf3 32. Rxb6 Rh7 33. Rf1 Rxf1+ 34. Kxf1 h4 35. Rf6 Kc7 36. Kg2 c4 37. dxc4 Rd7 38. Rh6 Rd2+ 39. Kg1 Rd1+ 40.
Kg2 Rd2+ 1/2-1/2

[Event "*** MasterClass Titled Tuesday Blitz"]
[Site "Chess.com"]
[Date "2017.08.01"]
[Round "1"]
[White "petrpalachev"]
[Black "Grootneus"]
[Result "1-0"]
[WhiteElo "2419"]
[BlackElo "2041"]
[TimeControl "180+2"]
[EndTime "13:07:13 PDT"]
[Termination "petrpalachev won by checkmate"]

1. d4 Nf6 2. c4 c5 3. d5 b5 4. cxb5 a6 5. bxa6 g6 6. Nc3 Bg7 7. e4 Qa5 8. Bd2 d6 9. Nb5 Qb6 10. a7 Nbd7 11. Bc3 O-O 12. Qc2 Ba6 13. a4 Bxb5 14.
Bxb5 Rxa7 15. b3 Ng4 16. Bxg7 Kxg7 17. Qc3+ f6 18. h3 Nge5 19. f4 Nf7 20. Nf3 Nb8 21. O-O Na6 22. e5 Nb4 23. Bc4 Qb7 24. Rad1 Nh6 25. g4 Nf7 26. Rf2 fxe5 27. fxe5 dxe5 28. Nxe5 Kg8 29. d6 exd6 30. Bxf7+ Rxf7 31. Nxf7 Qe4 32. Nh6# 1-0

[Event "*** MasterClass Titled Tuesday Blitz"]
[Site "Chess.com"]
[Date "2017.08.01"]
[Round "1"]
[White "popov_m"]
[Black "pawnhopper316"]
[Result "1-0"]
[WhiteElo "2412"]
[BlackElo "2006"]
[TimeControl "180+2"]
[EndTime "13:07:15 PDT"]
[Termination "popov_m won by resignation"]

1. d4 Nf6 2. Bf4 c5 3. d5 e6 4. c4 exd5 5. cxd5 d6 6. Nc3 g6 7. Nf3 Bg7 8. e3 O-O 9. h3 a6 10. a4 Qc7 11. Be2 Re8 12. O-O Nbd7 13. Qb3 Ne4 14.
Rab1 Nxc3 15. bxc3 Ne5 16. Nd2 Bd7 17. Bxe5 dxe5 18.
Qxb7 Qxb7 19. Rxb7 Bxa4 20. Bc4 e4 21. d6 Bxc3 22.
Bxf7+ Kh8 23. Bxe8 Rxe8 24. d7 Rd8 25. Nxe4 Bc6 26. Rc7 Bxe4 27. Rc8 Bf6 28. Rc1 Kg7 29. Rxd8 Bxd8 30. Rxc5 Kf7 31. Re5 Bc6 32. Re8 Bxd7 33. Rxd8 Ke7 34. Ra8 Bb5 35. f4 h5 36. e4 Ke6 37. Kf2 Kd6 38. g4 hxg4 39. hxg4 Ke6 40. Ke3 Kf6 41. Rb8 Ke6 42. Rb6+ Kf7 43. f5 gxf5 44. exf5 1-0

[Event "*** MasterClass Titled Tuesday Blitz"]
[Site "Chess.com"]
[Date "2017.08.01"]
[Round "1"]
[White "El-Ajedrecista"]
[Black "Al_Shima"]
[Result "0-1"]
[WhiteElo "1835"]
[BlackElo "2389"]
[TimeControl "180+2"]
[EndTime "13:07:17 PDT"]
[Termination "Al_Shima won by resignation"]

1. d4 Nf6 2. c4 g6 3. Nc3 Bg7 4. e4 d6 5. f3 c6 6. Be3 Nbd7 7. Qd2 a6 8. O-O-O b5 9. e5 Ng8 10. f4 bxc4 11. Bxc4 d5 12. Bd3 Nh6 13. Nf3 Nb6 14.
h3 O-O 15. g4 f6 16. f5 fxe5 17. Bxh6 e4 18. Bxg7 Kxg7 19. fxg6 Rxf3 20. Be2 Rf6 21. gxh7 Kxh7 22. g5 Rf2 23. g6+ Kg7 24. h4 Qh8 25. h5 Qh6 26. Qxh6+ Kxh6 27. Rdf1 Rxf1+ 28. Rxf1 Be6 29. Kd2 Nd7 30. Ke3 Nf6 31. Na4 Bg4 32. Bxg4 Nxg4+ 33. Kf4 Rf8+ 34. Kxg4 Rxf1 0-1

[Event "*** MasterClass Titled Tuesday Blitz"]
[Site "Chess.com"]
[Date "2017.08.01"]
[Round "1"]
[White "IMcoach"]
[Black "GrigorGrigorov"]
[Result "0-1"]
[WhiteElo "2313"]
[BlackElo "2610"]
[TimeControl "180+2"]
[EndTime "13:07:27 PDT"]
[Termination "GrigorGrigorov won by resignation"]

1. e4 c5 2. f4 d5 3. d3 dxe4 4.
dxe4 Qxd1+ 5. Kxd1 Nc6 6. Nf3 Bg4 7. c3 Nf6 8. Nd2 O-O-O 9. Kc2 Bxf3 10. gxf3 g6 11. Bh3+ Kc7 12. Nc4 Bh6 13. f5 Bxc1 14. Raxc1 Nh5 15. a4 Nf4 16. Bf1 gxf5 17. exf5 Rhg8 18.
Re1 Rg5 19. h4 Rxf5 20. Rg1 Ng6 21. Re3 Nxh4 22. Rh1 Nxf3 23. Bh3 Rf6 24. Bg4 Ng5 25. Rh5 h6 26. Bh3 Rf2+ 27. Kb3 Rf6 28. Bg2 e6 29.
Bxc6 Kxc6 30. Ne5+ Kc7 31. Ng4 Rf4 32. Nxh6 Ne4 33.
Re5 Nd2+ 34. Kc2 Nc4 35. Nxf7 Nxe3+ 36. Rxe3 Rxf7 37. Rxe6 Rf4 38. Re7+ Rd7 39. Re2 c4 0-1

[Event "*** MasterClass Titled Tuesday Blitz"]
[Site "Chess.com"]
[Date "2017.08.01"]
[Round "1"]
[White "TryingToGetBetter94"]
[Black "Bryakin_Mikhail"]
[Result "1-0"]
[WhiteElo "2304"]
[BlackElo "2528"]
[TimeControl "180+2"]
[EndTime "13:07:29 PDT"]
[Termination "TryingToGetBetter94 won by checkmate"]

1. e4 c5 2. Nf3 Nc6 3. d4 cxd4 4. Nxd4 Nf6 5. Nc3 e5 6. Ndb5 d6 7. Bg5 a6 8. Na3 b5 9. Bxf6 gxf6 10. Nd5 Rb8 11. Bd3 Be6 12. c3 f5 13. O-O f4 14. g3 Qg5 15. Kh1 Bxd5 16. exd5 Ne7 17. Rg1 f5 18. Be2 h5 19. h4 Qh6 20. Nc2 Ng6 21. a4 Be7 22. axb5 axb5 23. Ra5 Kf7 24. Rxb5 Rxb5 25. Bxb5 Rd8 26. Nb4 Kf6 27. Nc6 Ra8 28. Nb4 Ra5 29. Bd7 Rc5 30. Be6 Rc4 31. Qd3 Re4 32.
f3 Re3 33. Qxf5+ Kg7 34. Qf7+ Kh8 35. Qg8# 1-0

[Event "*** MasterClass Titled Tuesday Blitz"]
[Site "Chess.com"]
[Date "2017.08.01"]
[Round "1"]
[White "Cruel_Yaro"]
[Black "Kanthecarowin"]
[Result "1-0"]
[WhiteElo "2591"]
[BlackElo "2296"]
[TimeControl "180+2"]
[EndTime "13:07:37 PDT"]
[Termination "Cruel_Yaro won by resignation"]

1. d4 Nf6 2. c4 g6 3. g3 d6 4. Bg2 c6 5. Nc3 Bg7 6. Nf3 O-O 7. O-O Qb6 8. c5 dxc5 9. Na4 Qc7 10. Nxc5 b6 11.
Nd3 Bf5 12. Bf4 Qd8 13. Rc1 Be4 14. e3 Nd5 15. Bxb8 Rxb8 16. Nfe5 Bxg2 17. Kxg2 Bxe5 18. Nxe5 Nb4 19. a3 Na6 20. Nxc6 Qd5+ 21. Qf3 Qxf3+ 22.
Kxf3 Rbe8 23. Nxa7 e5 24. dxe5 Rxe5 25. Nc6 Rb5 26. b4 f5 27. Nd4 Rd5 28. Rc6 Rb8 29.
Rfc1 g5 30. h3 f4 31. gxf4 gxf4 32. Kxf4 Rf8+ 33. Ke4 Rdd8 34. f4 Nb8 35. Rxb6 Nd7 36. Rb7 Rde8+ 37. Kd3 Nf6 38. Rcc7 Ra8 39. Ra7 Rad8 40. b5 Rfe8 41. b6 Nd5 42. Rg7+ Kh8 43. Rxh7+ Kg8 44. Rhg7+ Kh8 45. Rg3 Nxb6 46. Rg5 Nd5 47.
Re5 Rf8 48. Ra5 Nf6 49. Ke2 Nd7 50. Rh5+ 1-0

[Event "*** MasterClass Titled Tuesday Blitz"]
[Site "Chess.com"]
[Date "2017.08.01"]
[Round "1"]
[White "GMBenjaminBok"]
[Black "Akshayraj_Kore"]
[Result "0-1"]
[WhiteElo "2611"]
[BlackElo "2355"]
[TimeControl "180+2"]
[EndTime "13:07:44 PDT"]
[Termination "Akshayraj_Kore won by resignation"]

1. Nf3 Nf6 2. g3 e6 3. Bg2 d5 4. O-O b5 5. d3 Nbd7 6. c4 bxc4 7. dxc4 c6 8. Nc3 Bb7 9. Bf4 Bb4 10. cxd5 cxd5 11.
Qb3 a5 12. a3 Nc5 13. Qc2 Bxc3 14. Qxc3 Nce4 15. Qb3 Ba6 16. Qa4+ Qd7 17. Qxa5 O-O 18. Qe1 Qb5 19. b4 Qa4 20. Ng5 Rfc8 21. Nxe4 Nxe4 22. Bf3 Rc2 23. Rc1 Rac8 24. Qd1 h6 25. Rxc2 Rxc2 26. Bxe4 dxe4 27. Re1 Rxe2 28. Qd8+ Kh7 29. Rxe2 Bxe2 30. Qd2 Bd3 0-1

[Event "*** MasterClass Titled Tuesday Blitz"]
[Site "Chess.com"]
[Date "2017.08.01"]
[Round "1"]
[White "Gordima"]
[Black "abubakrtagelsir"]
[Result "1-0"]
[WhiteElo "2599"]
[BlackElo "2301"]
[TimeControl "180+2"]
[EndTime "13:07:45 PDT"]
[Termination "Gordima won by resignation"]

1. d4 d5 2. Bf4 Nf6 3. e3 c5 4. c3 Nc6 5. Nd2 Qb6 6. Qb3 c4 7. Qc2 Bg4 8. e4 e6 9. f3 Bh5 10. h4 Bg6 11. Bg5 h6 12. Bxf6 gxf6 13. Ne2 Bd6 14. h5 Bh7 15. b3 cxb3 16. Qxb3 Qxb3 17. axb3 dxe4 18. fxe4 Ke7 19. Kf2 Rhg8 20. g3 Rg4 21. Bg2 Rag8 22. Rh3 a6 23. Bf3 R4g7 24. g4 Rc8 25. Rhh1 Na7 26. Ke3 Nb5 27. c4 Na7 28. c5 Bb8 29. Nc4 Nc6 30. Rac1 Bc7 31. d5 exd5 32.
exd5 Ne5 33. d6+ Bxd6 34. cxd6+ Kd7 35. Nb6+ 1-0

[Event "*** MasterClass Titled Tuesday Blitz"]
[Site "Chess.com"]
[Date "2017.08.01"]
[Round "1"]
[White "vpantev"]
[Black "kikydu96"]
[Result "0-1"]
[WhiteElo "2519"]
[BlackElo "2291"]
[TimeControl "180+2"]
[EndTime "13:07:45 PDT"]
[Termination "kikydu96 won by resignation"]

1. d4 d5 2. Nf3 Nf6 3. c4 c6 4.
Qb3 dxc4 5. Qxc4 Bg4 6. Nbd2 Nbd7 7. e3 e6 8. h3 Bh5 9. Qb3 Rb8 10. g4 Bg6 11. Nh4 Bd6 12. Nxg6 hxg6 13. Bg2 Qe7 14. a3 O-O 15. O-O e5 16. dxe5 Nxe5 17. f4 Ned7 18.
e4 Nc5 19. Qc2 Bc7 20. e5 Nd5 21. Nc4 Rbd8 22. Ne3 Nxe3 23. Bxe3 Bb6 24. Rad1 Ne6 25. Bxb6 axb6 26. Qf2 Qc5 27. Qxc5 Nxc5 28. b4 Nb3 29. b5 Nd4 30. bxc6 bxc6 31. Kf2 c5 32. Rb1 b5 33. Rfc1 c4 34. a4 Nb3 35. Rc2 bxa4 36. Bf1 Rd2+ 37.
Rxd2 Nxd2 38. Rc1 Ra8 39. Bxc4 Nxc4 40. Rxc4 a3 41. Rc1 a2 42. Ra1 Ra3 43. Ke1 Kf8 44. Kd1 Rxh3 45. Rxa2 Rh1+ 46. Kc2 Rh2+ 47. Kb3 Rxa2 48.
Kxa2 Ke7 49. Kb3 Ke6 50. Kc4 g5 51. Kd4 gxf4 52. Ke4 g5 53. Kd4 f3 54. Ke3 Kxe5 55.
Kxf3 Kd4 56. Ke2 Ke4 0-1

[Event "*** MasterClass Titled Tuesday Blitz"]
[Site "Chess.com"]
[Date "2017.08.01"]
[Round "1"]
[White "AlexanderKing"]
[Black "LazarusIcarus"]
[Result "0-1"]
[WhiteElo "2458"]
[BlackElo "2202"]
[TimeControl "180+2"]
[EndTime "13:07:46 PDT"]
[Termination "LazarusIcarus won on time"]

1. d4 Nf6 2. c4 g6 3. Nc3 d5 4. cxd5 Nxd5 5. e4 Nxc3 6. bxc3 Bg7 7. Nf3 c5 8. Rb1 O-O 9. Be2 Nc6 10. d5 Ne5 11. Nxe5 Bxe5 12. Qd2 e6 13. f4 Bg7 14.
O-O exd5 15. exd5 Rb8 16. c4 Bf5 17. Bd3 Bd4+ 18. Kh1 Bxd3 19. Qxd3 b5 20. cxb5 Qxd5 21. Be3 Rbd8 22. Bxd4 cxd4 23. a4 Rfe8 24. Rfe1 Qa2 25. h3 Qxa4 26. Ra1 Qb4 27. Rxe8+ Rxe8 28. Rxa7 Re3 29.
Qc2 Qe1+ 30. Kh2 Qg3+ 0-1

[Event "*** MasterClass Titled Tuesday Blitz"]
[Site "Chess.com"]
[Date "2017.08.01"]
[Round "1"]
[White "sergiochess83"]
[Black "moventog"]
[Result "1-0"]
[WhiteElo "2656"]
[BlackElo "2344"]
[TimeControl "180+2"]
[EndTime "13:07:54 PDT"]
[Termination "sergiochess83 won by resignation"]

1. e4 d6 2. d4 Nf6 3. Nc3 g6 4. Bg5 Bg7 5. Qd2 O-O 6. O-O-O c6 7.
f4 b5 8. Bd3 b4 9. Nce2 Qa5 10.
Kb1 Nbd7 11. Nf3 d5 12. Ng3 dxe4 13. Nxe4 Nb6 14. Nc5 Nbd5 15. Ne5 Qc7 16. Rhe1 a5 17. f5 a4 18. fxg6 hxg6 19. Ka1 a3 20. b3 Nc3 21.
Bc4 Nfd5 22. Bh6 Nxd1 23. Bxg7 Kxg7 24. Rxd1 Qd6 25. Rf1 Ra5 26. Qg5 f5 27. Bxd5 Rxc5 28. Nxg6 Qxd5 29. Nxe7+ Kf7 30. Nxd5 1-0

[Event "*** MasterClass Titled Tuesday Blitz"]
[Site "Chess.com"]
[Date "2017.08.01"]
[Round "1"]
[White "1e41-0"]
[Black "nihalsarin"]
[Result "0-1"]
[WhiteElo "2340"]
[BlackElo "2635"]
[TimeControl "180+2"]
[EndTime "13:07:55 PDT"]
[Termination "nihalsarin won by resignation"]

1. a3 e5 2. c4 Nf6 3. e3 c6 4. Nf3 e4 5. Nd4 d5 6. cxd5 cxd5 7. d3 Bd6 8. Nc3 O-O 9. Be2 Nc6 10. Nxc6 bxc6 11. Qc2 Qe7 12. Bd2 Bf5 13. dxe4 dxe4 14. b4 a5 15. bxa5 Rxa5 16. O-O Bg4 17. Nxe4 Bxh2+ 18. Kh1 Nxe4 19. Bxg4 Rc5 20. Bb4 Rxc2 21. Bxe7 Re8 22. Kxh2 Rxe7 23. Rac1 Rxc1 24. Rxc1 Nxf2 25. Bf3 Rxe3 26. Rxc6 g6 27. a4 Ra3 28. Ra6 h5 29. a5 Ng4+ 30. Kg3 Ne5 31. Ra8+ Kg7 32. a6 Nxf3 33.
gxf3 Kf6 34. a7 Kf5 35. Kg2 Kf4 36. Kh2 Ra2+ 37. Kh3 g5 38. Rh8 g4+ 0-1

[Event "*** MasterClass Titled Tuesday Blitz"]
[Site "Chess.com"]
[Date "2017.08.01"]
[Round "1"]
[White "Drags95"]
[Black "ChessNinja48"]
[Result "0-1"]
[WhiteElo "2512"]
[BlackElo "2295"]
[TimeControl "180+2"]
[EndTime "13:07:55 PDT"]
[Termination "ChessNinja48 won by resignation"]

1. e4 e6 2. d4 d5 3. Nc3 Bb4 4. e5 c5 5. a3 Bxc3+ 6. bxc3 Ne7 7. h4 Nbc6 8. h5 Qa5 9. Bd2 Bd7 10. h6 gxh6 11.
Nf3 O-O-O 12. a4 c4 13. Qc1 Ng8 14. Nh2 f6 15. f4 fxe5 16. fxe5 Nge7 17. Ng4 Be8 18.
Nf6 Bg6 19. Be2 Nf5 20. Rh3 Rdf8 21. g4 Nfe7 22. Qa3 Qc7 23. Kd1 Rf7 24. Bxh6 Ng8 25. g5 Nge7 26. Kd2 Nf5 27. a5 a6 28. Qc5 Qe7 29.
Qb6 Qc7 30. Qc5 Nce7 31. Qa3 Ng8 32. Bg4 Ngxh6 33. gxh6 Rxf6 34. exf6 Qf4+ 35. Ke1 Qxg4 36. Qc5+ Kb8 37. Rh1 Bh5 38. Kd2 Qf4+ 0-1

[Event "*** MasterClass Titled Tuesday Blitz"]
[Site "Chess.com"]
[Date "2017.08.01"]
[Round "1"]
[White "Muracle"]
[Black "Quiet_Desperation"]
[Result "1-0"]
[WhiteElo "2434"]
[BlackElo "2104"]
[TimeControl "180+2"]
[EndTime "13:07:56 PDT"]
[Termination "Muracle won by checkmate"]

1. Nf3 Nf6 2. g3 e6 3. Bg2 d5 4. O-O Be7 5. b3 O-O 6. Bb2 c5 7. d3 Nc6 8. Nbd2 a6 9. e4 b5 10. a4 Bb7 11. h4 Rc8 12. exd5 Nxd5 13. Ne4 Ndb4 14. axb5 axb5 15. Ne5 Nxe5 16. Bxe5 Kh8 17. Ra7 Bd5 18. Bb2 f6 19. c4 Bxe4 20. dxe4 bxc4 21. bxc4 Nd3 22. Bc3 Qd6 23. Rxe7 Qxe7 24. Qxd3 Rfd8 25. Qe3 e5 26. h5 Qd7 27. h6 Qd3 28. hxg7+ Kxg7 29.
Qc1 Qxc4 30. f4 Rd3 31. fxe5 Qxc3 32. exf6+ Kf7 33. Qh6 Rxg3 34. Qxh7+ Ke6 35. Qe7# 1-0

[Event "*** MasterClass Titled Tuesday Blitz"]
[Site "Chess.com"]
[Date "2017.08.01"]
[Round "1"]
[White "DiamondCrusher22"]
[Black "Divertissement"]
[Result "0-1"]
[WhiteElo "2030"]
[BlackElo "2418"]
[TimeControl "180+2"]
[EndTime "13:08:03 PDT"]
[Termination "Divertissement won by resignation"]

1. e4 e6 2. d4 d5 3. Nd2 c5 4. exd5 Qxd5 5. dxc5 Bxc5 6. Ngf3 Nf6 7. Bc4 Qc6 8. Qe2 O-O 9. O-O Nbd7 10. Nb3 a6 11.
Bg5 b5 12. Bd3 Bb7 13. Rfe1 Bb6 14. Nbd2 h6 15. Bh4 Rac8 16. Rad1 Rfe8 17. Ne4 Nxe4 18. Bxe4 Qxe4 19. Qxe4 Bxe4 20. Rxe4 Nc5 21. Re2 Na4 22.
c3 Rc7 23. Bg3 Rb7 24. Ne5 f6 25. Nc6 e5 26. Kf1 a5 27. Nd4 Rd8 28. Bxe5 fxe5 29. Rxe5 Nxb2 30. Rb1 b4 31. Nc6 Rd2 32. cxb4 Rxf2+ 33. Kg1 Nd3 34. b5 Rb2+ 0-1